 Dungeon Crawl Stone Soup version 0.19.1 (webtiles) character file.

25491 dvd the Carver (level 12, -7/106 HPs)
             Began as a Minotaur Abyssal Knight on Dec 28, 2016.
             Was a High Priest of Lugonu.
             Mangled by a catoblepas (24 damage)
             ... on level 11 of the Dungeon.
             The game lasted 01:02:00 (19801 turns).

dvd the Carver (Minotaur Abyssal Knight)           Turns: 19801, Time: 01:02:00

Health: -7/106     AC: 11    Str: 25    XL:     12   Next: 90%
Magic:  17/19      EV: 14    Int:  9    God:    Lugonu [*****.]
Gold:   148        SH: 12    Dex: 14    Spells: 0 memorised, 11 levels left

rFire  + . .     SeeInvis +     a - +4 falchion
rCold  + . .     Gourm    +     r - +0 ring mail {rC+}
rNeg   . . .     Faith    .     l - +0 shield
rPois  +         Spirit   .     (helmet restricted)
rElec  .         Reflect  .     N - +0 cloak
rCorr  .         Harm     .     o - +0 pair of gloves
MR     .....                    D - +0 pair of boots
Stlth  ++++......               Q - amulet "Pynk" {Gourm rF+}
                                n - ring of see invisible
                                e - ring of stealth

@: mighty
A: retaliatory headbutt, horns 2, camouflage 1, poison resistance, strong 1
a: Depart the Abyss, Bend Space, Banish, Corrupt, Enter the Abyss, Renounce
Religion


You were on level 11 of the Dungeon.
You worshipped Lugonu.
Lugonu was extremely pleased with you.
You were very full.

You visited 4 branches of the dungeon, and saw 16 of its levels.
You visited the Abyss 1 time.
You visited 1 bazaar.
You also visited: Sewer.

You collected 856 gold pieces.
You spent 708 gold pieces at shops.

Inventory:

Hand Weapons
 a - a +4 falchion (weapon)
 p - a +1 short sword of speed
 y - a +0 rapier of venom
 I - a +0 long sword
 L - a +0 broad axe of venom
 U - a +0 scimitar
Missiles
 F - 4 javelins (quivered)
 X - 4 tomahawks
Armour
 i - a +1 plate armour
 l - a +0 shield (worn)
 o - a +0 pair of gloves (worn)
 r - a +0 ring mail of cold resistance (worn)
 s - +0 steam dragon scales
 D - a +0 pair of boots (worn)
 N - a +0 cloak (worn)
 P - a +0 troll leather armour
 W - +0 mottled dragon scales
Magical Staves
 k - an uncursed staff of fire
Jewellery
 e - a ring of stealth (left hand)
 n - a ring of see invisible (right hand)
 Q - the amulet "Pynk" (around neck) {Gourm rF+}
   (You bought it in a shop on level 6 of the Dungeon)

   [amulet of the gourmand]

   It allows you to eat raw meat even when not hungry.
   It protects you from fire.
 R - an uncursed ring of fire
 V - a +3 ring of intelligence
Wands
 b - a wand of iceblast (9/15)
 E - a wand of confusion (19/48)
 K - a wand of confusion (24/48)
 T - a wand of iceblast (5/15)
Scrolls
 d - 3 scrolls of fear
 m - 4 scrolls of recharging
 q - 2 scrolls of fog
 t - 13 scrolls of identify
 u - 3 scrolls of remove curse
 w - a scroll of blinking
 z - a scroll of amnesia
 B - 4 scrolls of enchant armour
 H - a scroll of enchant weapon
 O - a scroll of teleportation
Potions
 g - 4 potions of ambrosia
 h - a potion of agility
 x - a potion of brilliance
 A - 6 potions of curing
 G - 3 potions of cancellation
 J - a potion of might
 M - 2 potions of magic
Comestibles
 c - 8 bread rations
 f - 3 slices of pizza
 j - 9 meat rations
 v - 5 fruits
 C - 7 chunks of flesh
 S - 5 royal jellies


   Skills:
 + Level 10.1 Fighting
 + Level 13.2 Long Blades
 + Level 4.2 Throwing
 + Level 9.4 Armour
 + Level 6.3 Dodging
 + Level 3.5 Stealth
 + Level 9.5 Shields
 * Level 10.7 Invocations


You had 11 spell levels left.
You didn't know any spells.

Dungeon Overview and Level Annotations

Branches:
Dungeon (13/15)            Temple (1/1) D:6            Lair (1/6) D:11
    Orc (1/2) D:12         Vaults (0/5) D:13

Altars:
Ashenzari
Cheibriados
Dithmenos
Elyvilon
Fedhas
Gozag
Hepliaklqana
Kikubaaqudgha
Makhleb
Nemelex Xobeh
Okawaru
Qazlal
Ru
Sif Muna
Trog
Uskayaw
Vehumet
Xom
Yredelemnul
Zin
The Shining One

Shops:
D:6 =

Annotations:
Abyss:1 Erica, Joseph, Josephine


Innate Abilities, Weirdness & Mutations

You reflexively headbutt those who attack you in melee.
You have a pair of horns on your head.
Your skin changes colour to match your surroundings (Stealth+).
Your system is resistant to poisons. (rPois)
Your muscles are strong. (Str +2)


Message History

You feel very mighty all of a sudden. The catoblepas gores you!
Unknown command.
You slash the catoblepas!
The catoblepas is heavily wounded.
The catoblepas gores you!!
* * * LOW HITPOINT WARNING * * *
You hit the catoblepas but do no damage.
You headbutt the catoblepas!
The catoblepas is severely wounded.
The catoblepas gores you!
* * * LOW HITPOINT WARNING * * *
Unknown command.
You feel better. The catoblepas gores you.
* * * LOW HITPOINT WARNING * * *
Unknown command.
You slash the catoblepas!
The catoblepas is almost dead.
The catoblepas gores you!!
You die...

......)........P.P.P..'<(.....#.#
...................PP.#.......#.#
...........P.P.PP.PP.....?....#.#
...........PPP.PPP.PP..P.##'###.#
#######)....PPP.PP.PPP..........#
.......[..P.P..P..P.PPP.(...[...#
.......P.P.P.P.PPP.P.PPP...##...#
.........PPPP.P..Y...PPP....#...#
.(.......PP..PP.@.PP.P.P....#...#
.......P.P.....PPPP.PP.P.P..+....
#####...P.PP.P.P.P.PP.P.....#....
#.#....PPPP.P.PPPP..P...#....
#.#P..P.PPPP.PP.P..P...>'....
#.....P..PPPPP..........#....
#####...........PP..P.#.....#....
........[......P....#.#..####....
...............##.###.#..#.......


You could see a catoblepas.

Vanquished Creatures
  A centaur warrior (D:13)
  An unseen horror (D:8)
  4 hill giants
  2 ugly things
  A necromancer (D:13)
  A manticore (D:13)
  A cyclops (D:13)
  A spiny frog (Lair:1)
  A gargoyle (D:12)
  2 kobold demonologists (D:13)
  A queen bee (D:10)
  A merfolk (D:10)
  2 trolls
  A two-headed ogre (D:12)
  7 hippogriffs
  A basilisk (D:13)
  A vampire (D:12)
  6 wraiths
  A steam dragon (D:10)
  7 yaks
  5 hungry ghosts
  2 vampire mosquitoes (D:11)
  A mottled dragon (D:11)
  Edmund (D:6)
  A water moccasin (D:8)
  A porcupine (Lair:1)
  7 orc warriors
  3 sky beasts
  A black bear (D:12)
  An eye of draining (D:12)
  A phantom (D:5)
  3 ogres
  6 ice beasts
  3 necrophages
  10 centaurs
  2 crocodiles
  3 big kobolds
  2 gnoll sergeants
  7 bullfrogs
  7 scorpions
  2 troll zombies (D:12)
  30 killer bees
  4 wights (D:12)
  A howler monkey (D:6)
  6 centaur zombies
  8 crimson imps
  6 hounds
  4 jellies
  4 bullfrog skeletons
  5 centaur skeletons
  8 orc priests
  3 iguanas
  10 orc wizards
  11 worker ants
  A killer bee zombie (D:10)
  6 ogre zombies (D:12)
  A hound zombie (D:5)
  A worker ant zombie (D:11)
  17 adders
  12 gnolls
  2 river rats
  6 shadow imps
  An ooze (D:5)
  An adder skeleton (D:9)
  An adder zombie (D:5)
  6 worms
  A dart slug (D:1)
  9 leopard geckos
  52 orcs
  4 ball pythons
  A bat (D:1)
  5 giant cockroaches
  A goblin (D:1)
  5 hobgoblins
  10 jackals
  4 quokkas
  6 frilled lizards
  A goblin skeleton (D:12)
  A goblin zombie (D:12)
  A hobgoblin skeleton (D:12)
  6 hobgoblin zombies (D:12)
  A jackal skeleton (D:4)
  44 kobolds
  A leopard gecko skeleton (D:4)
  4 orc skeletons (D:12)
  12 orc zombies (D:12)
  2 quokka skeletons
  11 rats
  4 plants (Sewer)
453 creatures vanquished.

Vanquished Creatures (others)
  A hydra (Lair:1)
  A centaur warrior (D:10)
  4 hill giants
  An ugly thing (D:11)
  A manticore (D:12)
  A kobold demonologist (D:13)
  The ghost of buskinjo the Chiller, a novice DgIE (D:4)
  A troll (D:9)
  An orc warrior (D:12)
  A human (D:2)
  A crocodile (D:12)
  A scorpion (D:12)
  An orc priest (D:12)
  An orc wizard (D:12)
  2 orcs (D:12)
  2 fungi (D:11)
21 creatures vanquished.

Grand Total: 474 creatures vanquished

Notes
Turn   | Place    | Note
-------+----------+-------------------------------------------
     0 | Abyss:1  | dvd the Minotaur Abyssal Knight began the quest for the Orb.
     0 | Abyss:1  | Reached XP level 1. HP: 19/19 MP: 1/1
    27 | D:1      | Escaped the Abyss
   212 | D:1      | Reached XP level 2. HP: 6/27 MP: 2/2
  1038 | D:1      | Reached skill level 3 in Long Blades
  1103 | D:1      | Reached ** piety under Lugonu
  1270 | D:2      | Reached XP level 3. HP: 16/34 MP: 3/3
  1474 | D:2      | Found an ancient bone altar of Kikubaaqudgha.
  1475 | D:2      | Noticed a human
  1479 | D:2      | Killed a human
  2079 | D:3      | Found an iron altar of Okawaru.
  2118 | D:3      | Found a stormy altar of Qazlal.
  2194 | D:3      | Reached skill level 1 in Throwing
  2194 | D:3      | Reached XP level 4. HP: 34/41 MP: 4/4
  2885 | D:3      | Reached skill level 4 in Long Blades
  3048 | D:4      | Reached XP level 5. HP: 47/47 MP: 5/5
  3051 | D:4      | Found an opulent altar of Gozag.
  3408 | D:4      | Reached skill level 5 in Fighting
  3417 | D:4      | Reached skill level 5 in Long Blades
  3417 | D:4      | Reached XP level 6. HP: 31/56 MP: 6/6
  3561 | D:4      | Noticed buskinjo's ghost (novice DgIE)
  3983 | D:4      | Found a basalt altar of Yredelemnul.
  3983 | D:4      | Found a blossoming altar of Fedhas.
  4114 | D:5      | Entered Level 5 of the Dungeon
  4238 | D:5      | Reached skill level 6 in Long Blades
  4238 | D:5      | Reached XP level 7. HP: 48/61 MP: 7/7
  4336 | D:5      | Reached *** piety under Lugonu
  4534 | D:5      | Reached skill level 1 in Stealth
  4915 | D:6      | Reached skill level 7 in Long Blades
  4927 | D:6      | Noticed Edmund
  4982 | D:6      | Killed Edmund
  4982 | D:6      | Reached skill level 1 in Shields
  4982 | D:6      | Reached XP level 8. HP: 27/70 MP: 8/8
  5150 | D:6      | Found a glowing drain.
  5155 | Sewer    | Entered a sewer
  5417 | Sewer    | Reached skill level 5 in Armour
  5538 | Sewer    | Reached **** piety under Lugonu
  6649 | D:6      | Found Roiny's Jewellery Emporium.
  6794 | D:6      | Found a staircase to the Ecumenical Temple.
  6801 | Temple   | Entered the Ecumenical Temple
  7142 | D:4      | Banished buskinjo's ghost
  7142 | D:4      | Reached skill level 8 in Long Blades
  7554 | D:7      | Noticed Joseph
  7565 | D:7      | Banished Joseph
  7880 | D:7      | Reached XP level 9. HP: 78/78 MP: 11/11
  7906 | D:7      | Gained mutation: Your muscles are strong. (Str +2) [potion of mutation]
  7906 | D:7      | Gained mutation: Your skin changes colour to match your surroundings (Stealth+). [potion of mutation]
  7906 | D:7      | Gained mutation: Your system is resistant to poisons. (rPois) [potion of mutation]
  8255 | D:7      | Reached skill level 5 in Invocations
  8712 | D:8      | Reached skill level 9 in Long Blades
  8967 | D:8      | Reached ***** piety under Lugonu
  9005 | D:8      | Found a glowing silver altar of Zin.
  9013 | D:8      | Found a snail-covered altar of Cheibriados.
  9017 | D:8      | Found a shadowy altar of Dithmenos.
  9246 | D:8      | Reached skill level 10 in Long Blades
  9459 | D:8      | Reached XP level 10. HP: 76/86 MP: 13/13
 10604 | D:10     | Entered Level 10 of the Dungeon
 10812 | D:10     | Reached skill level 5 in Shields
 11003 | D:10     | Noticed a centaur warrior
 11009 | D:10     | Banished a centaur warrior
 11310 | D:10     | Noticed a hill giant
 11344 | D:10     | Banished a hill giant
 11344 | D:10     | Reached skill level 11 in Long Blades
 11344 | D:10     | Reached skill level 5 in Dodging
 12186 | D:10     | Reached XP level 11. HP: 92/95 MP: 15/15
 12189 | D:10     | Noticed Erica
 12295 | D:10     | Noticed a hill giant
 12295 | D:10     | Banished a hill giant
 12479 | D:10     | Banished Erica
 12654 | D:11     | Noticed a hill giant
 12663 | D:11     | Banished a hill giant
 12989 | D:11     | Found a staircase to the Lair.
 12990 | D:11     | Noticed a white ugly thing
 12997 | D:11     | Banished a white ugly thing
 13002 | D:11     | Noticed a hill giant
 13018 | D:11     | Killed a hill giant
 13817 | D:12     | Noticed Josephine
 14052 | D:12     | Reached skill level 12 in Long Blades
 14169 | D:11     | Banished Josephine
 14757 | D:6      | Bought the amulet "Pynk" {Gourm rF+} for 528 gold pieces
 14852 | D:8      | Killed an unseen horror
 15206 | D:12     | Reached XP level 12. HP: 97/104 MP: 18/18
 15238 | D:12     | Found a staircase to the Orcish Mines.
 15359 | Orc:1    | Entered Level 1 of the Orcish Mines
 16412 | D:6      | Bought an uncursed ring of see invisible for 180 gold pieces
 16644 | Lair:1   | Entered Level 1 of the Lair of Beasts
 16662 | Lair:1   | Noticed a seven-headed hydra
 17035 | D:12     | Reached skill level 10 in Invocations
 17496 | D:12     | Found a gateway to a bazaar.
 17505 | Bazaar   | Entered a bazaar
 17526 | Bazaar   | Found Xefot's Food Boutique.
 17552 | Bazaar   | Found Taghahun's Food Boutique.
 17566 | Bazaar   | Found Siasch's Magic Scroll Shop.
 17580 | Bazaar   | Found Rups's Food Boutique.
 18503 | D:13     | Found a gate to the Vaults.
 18703 | D:13     | Noticed a centaur warrior
 18716 | D:13     | Killed a centaur warrior
 18813 | D:13     | Reached skill level 13 in Long Blades
 19131 | D:13     | Reached skill level 10 in Fighting
 19781 | Lair:1   | Banished a seven-headed hydra
 19785 | Lair:1   | Noticed a catoblepas
 19801 | D:11     | Mangled by a catoblepas

Skill      XL: |  1  2  3  4  5  6  7  8  9 10 11 12 |
---------------+-------------------------------------+-----
Fighting       | 4 5 6 7 8 9 10 | 10.1
Invocations    | 2 4 6 7 9 10 | 10.7
Long Blades    | 3 4 5 6 7 8 10 11 12 13 | 13.2
Throwing       | 1 2 3 4 |  4.2
Dodging        | 2 3 4 5 6 |  6.3
Armour         | 3 4 6 7 9 |  9.4
Stealth        | 1 2 3 |  3.5
Shields        | 1 2 3 6 7 9 |  9.5

Action                   |  1- 3 |  4- 6 |  7- 9 | 10-12 || total
-------------------------+-------+-------+-------+-------++-------
Melee: Falchion          |    99 |   118 |   504 |  1154 ||  1875
       Headbutt          |     8 |    23 |    92 |   282 ||   405
Throw: Tomahawk          |    25 |       |     4 |    34 ||    63
       Javelin           |       |       |     2 |    14 ||    16
Invok: Bend Space        |       |     2 |       |       ||     2
       Banish            |       |       |     3 |    17 ||    20
Evoke: Wand              |       |       |       |     1 ||     1
  Use: Scroll            |     6 |     6 |     4 |     8 ||    24
       Potion            |       |       |    12 |     8 ||    20
 Stab: Sleeping          |     1 |       |     6 |     7 ||    14
  Eat: Chunk             |     3 |     8 |    16 |    48 ||    75
       Meat ration       |       |       |     1 |       ||     1
       Beef jerky        |       |       |       |     3 ||     3
       Royal jelly       |       |       |       |     2 ||     2
Armor: Leather armour    |     1 |     7 |    32 |       ||    40
       Robe              |     5 |       |       |       ||     5
       Plate armour      |       |    54 |    93 |   300 ||   447
       Ring mail         |       |       |    43 |   157 ||   200
Dodge: Dodged            |    65 |    35 |   129 |   336 ||   565
Block: Buckler           |       |     2 |    55 |       ||    57
       Shield            |       |       |    48 |   511 ||   559
       Rpst.: Falchion   |    17 |     6 |    34 |    70 ||   127
